 Dungeon Crawl Stone Soup version 0.29-a0-334-gb41bcbb86e (webtiles) character file.

Game seed: 4076405028539012793

14 HendSelp the Vexing (level 2, -4/21 HPs)
             Began as a Human Arcane Marksman on Apr 13, 2022.
             Slain by Sigmund
             ... wielding a +1 vorpal scythe
              (10 damage)
             ... on level 2 of the Dungeon.
             The game lasted 00:01:11 (1114 turns).

HendSelp the Vexing (Human Arcane Marksman)         Turns: 1114, Time: 00:01:11

Health: -4/21      AC:  2    Str: 10    XL:     2   Next: 60%
Magic:  3/3        EV: 12    Int: 13    God:
Gold:   55         SH:  0    Dex: 13    Spells: 2/3 levels left

rFire   + . .      SeeInvis .   a - +0 hand crossbow
rCold   + . .      Faith    .   h - orb {guile}
rNeg    . . .      Spirit   .   b - +0 robe
rPois   .          Reflect  .   (no helmet)
rElec   .          Harm     .   g - scarf {rC+ rF+}
rCorr   .          Rampage  .   (no gloves)
Will    .....                   (no boots)
Stlth   +.........              (no amulet)
HPRegen 0.07/turn               e - ring of willpower
MPRegen 0.08/turn               (no ring)

@: no status effects
A: no striking features
a: no special abilities


You were on level 2 of the Dungeon.
You visited 1 branch of the dungeon, and saw 2 of its levels.

You collected 55 gold pieces.

Inventory:

Hand Weapons
 a - a +0 hand crossbow (weapon)
Armour
 b - a +0 robe (worn)
 g - a scarf of resistance (worn)
 h - an orb of guile (worn)
Jewellery
 e - a ring of willpower (left hand)
Scrolls
 c - a scroll of vulnerability
 d - a scroll of enchant weapon
 f - a scroll of identify
 i - a scroll of teleportation {unknown}


   Skills:
 * Level 1.3 Fighting
 * Level 2.6 Crossbows
 + Level 2.1 Dodging
 + Level 1.0 Spellcasting
 - Level 3.0 Hexes


You had 2 spell levels left.
You knew the following spells:

 Your Spells              Type           Power      Damage    Failure   Level
a - Slow                  Hex            32%        N/A       9%          1

Your spell library contained the following spells:

 Spells                   Type           Power      Damage    Failure   Level
 Inner Flame              Hex/Fire       4%         N/A       41%         3
 Portal Projectile        Hex/Tloc       8%         N/A       41%         3
 Cause Fear               Hex            4%         N/A       63%         4


Dungeon Overview and Level Annotations

Branches:
Dungeon (2/15)

Altars:

Annotations:
D:2 Sigmund


Message History

No target in view!
There is a stone staircase leading down here.
Sigmund the Dreaded comes into view.
He is wielding a +1 vorpal scythe and wearing a +2 robe of positive energy.
You shoot a bolt.
The bolt hits Sigmund but does no damage.
Sigmund shouts!
Sigmund casts a spell.
Sigmund flickers and vanishes!
Deactivating autopickup; reactivate with Ctrl-A.
There is a strange disturbance nearby!
No target in view!
There is a strange disturbance nearby!
No target in view!
There is a strange disturbance nearby!
No target in view!
There is a strange disturbance nearby!
No target in view!
No target in view!
Shoot: a) +0 hand crossbow
Press: ? - help, Q - select action, (/) - cycle Shift-Dir - straight line You shoot a bolt.
Unknown command.
Shoot: a) +0 hand crossbow
Press: ? - help, Q - select action, (/) - cycle Shift-Dir - straight line You shoot a bolt.
Something hits you!
Ouch! That really hurt!
* * * LOW HITPOINT WARNING * * *
Shoot: a) +0 hand crossbow
Press: ? - help, Q - select action, (/) - cycle Shift-Dir - straight line
Okay, then.
Unknown command.
Shoot: a) +0 hand crossbow
Press: ? - help, Q - select action, (/) - cycle Shift-Dir - straight line
Okay, then.
Shoot: a) +0 hand crossbow
Press: ? - help, Q - select action, (/) - cycle Shift-Dir - straight line You shoot a bolt.
Something hits you!
You die...

#. #. #. #..## ..
#. #.... .. #.
#.#.###.# #. #.
.......###.#.######
...
............@>...#
#.#
#.........#.####.#
#.# #..####. #{ #.#
#.# #...# #. #.#
#.# #.#.## .. ..
#.# #.###.#..##.#
## #.#
#.....##.##.# #.#
......##.##.# #.#
#.....##.##.# #.#


There were no monsters in sight!

Vanquished Creatures
  3 bats (D:1)
  2 endoplasms (D:2)
  2 goblins (D:1)
  2 quokkas (D:1)
  2 frilled lizards (D:1)
  2 rats
13 creatures vanquished.

Notes
Turn   | Place    | Note
-------+----------+-------------------------------------------
     0 | D:1      | HendSelp the Human Arcane Marksman began the quest for the
                  | Orb.
     0 | D:1      | Reached XP level 1. HP: 15/15 MP: 2/2
   148 | D:1      | Found a faded altar of an unknown god.
   430 | D:1      | Reached XP level 2. HP: 21/21 MP: 3/3
  1110 | D:2      | Noticed Sigmund
  1114 | D:2      | Slain by Sigmund

Illustrated notes

Levels and vault maps discovered:
D:1:      dpeg_arrival_simpleton_c, layout_basic,
          shapermc_ecumenical_altar_flowoftime
D:2:      layout_basic, uniq_sigmund

Action                   || total
-------------------------++-------
 Fire: Hand crossbow     ||    41
 Cast: Slow              ||     3
  Use: Scroll            ||     1
Armor: Robe              ||     2
Dodge: Dodged            ||    10

Table legend: (Time is in decaauts)
 A = Elapsed time spent in this place.
 B = Non-inter-level travel time spent in this place.
 C = Inter-level travel time spent in this place.
 D = Time resting spent in this place.
 E = Time spent auto-exploring this place.
 F = Levels seen in this place.
 G = Mean time per level.
                   A        B        C        D        E       F      G
               +--------+--------+--------+--------+--------+-----+--------+
         Total |   1128 |   1023 |    105 |      0 |    917 |   2 |  564.0 |
       Dungeon |   1128 |   1023 |    105 |      0 |    917 |   2 |  564.0 |
               +--------+--------+--------+--------+--------+-----+--------+

Top non-repeatable levels by time:
     D:1: 1021 daAuts
     D:2: 107 daAuts
